 Dungeon Crawl Stone Soup version 0.22-a0-419-g492bfec (webtiles) character file.

2 Mgcat the Skirmisher (level 1, -1/19 HPs)
             Began as a Ghoul Fighter on May 15, 2018.
             Hit by a stone thrown by a kobold (2 damage)
             ... on level 1 of the Dungeon.
             The game lasted 00:00:17 (59 turns).

Mgcat the Skirmisher (Ghoul Fighter)                  Turns: 59, Time: 00:00:18

Health: -1/19      AC:  6    Str: 19    XL:     1   Next: 30%
Magic:  0/0        EV:  7    Int:  3    God:
Gold:   4          SH:  8    Dex:  8    Spells: 0/0 levels left

rFire    . . .     SeeInvis .     - Unarmed
rCold    + . .     Gourm    .   b - +0 shield
rNeg     + + +     Faith    .   a - +0 scale mail
rPois    ∞         Spirit   .   (no helmet)
rElec    .         Reflect  .   (no cloak)
rCorr    .         Harm     .   (no gloves)
MR       .....                  (no boots)
Stlth    ..........             (no amulet)
HPRegen  0.00/turn              (no ring)
MPRegen  0.07/turn              (no ring)

@: rotting
A: rotting body, claws 1, carnivore, cold resistance 1, negative energy
resistance 3, inhibited regeneration, torment resistance, unbreathing
a: no special abilities


You were on level 1 of the Dungeon.
You were not hungry.

You visited 1 branch of the dungeon, and saw 1 of its levels.

You collected 4 gold pieces.

Inventory:

Armour
 a - a +0 scale mail (worn)
 b - a +0 shield (worn)
Potions
 c - a potion of might
Comestibles
 d - a ration


   Skills:
 + Level 3.3 Fighting
 - Level 2.6 Armour
 - Level 2.6 Shields
 + Level 2.3 Unarmed Combat


You couldn't memorise any spells.
You didn't know any spells.
Your spell library was empty.

Dungeon Overview and Level Annotations

Branches:
Dungeon (1/15)

Altars:


Innate Abilities, Weirdness & Mutations

Your body is rotting away.
You thrive on raw meat.
You are immune to poison.
You have sharp fingernails.
You are carnivorous and can eat meat at any time.
Your flesh is cold resistant. (rC+)
You are immune to negative energy. (rN+++)
You do not regenerate when monsters are visible.
You are immune to unholy pain and torment.
You can survive without breathing.


Message History

Welcome, Mgcat the Ghoul Fighter.
Will you prevail where others failed? Will you find the Orb of Zot?
Press ? for a list of commands and other information.
Found 3 gold pieces.
Found a staircase leading out of the dungeon.
Lua error: attempt to yield across metamethod/C-call boundary Unknown command.
Unknown command.
Unknown command.
You now have 1 gold piece.
You now have 2 gold pieces (gained 1).
You now have 3 gold pieces (gained 1).
You now have 4 gold pieces (gained 1).
As you open the door, it creaks loudly!
There is an open door here.
You open the door.
A frilled lizard and a rat come into view.
The frilled lizard hisses angrily.
The frilled lizard moves out of view.
There is an open door here.
A goblin and a kobold come into view.
The goblin is wielding a dagger of electrocution.
The kobold shouts!
The goblin shouts!
The goblin moves out of view.
You closely miss the frilled lizard.
The frilled lizard bites you but does no damage.
A frilled lizard comes into view.
You closely miss the frilled lizard.
The frilled lizard hisses angrily.
You block the frilled lizard's attack. You block the rat's attack.
You closely miss the frilled lizard. The goblin hits you but does no damage.
The frilled lizard closely misses you. The rat bites you but does no damage.
You closely miss the frilled lizard. You block the goblin's attack.
The frilled lizard barely misses you. The rat barely misses you.
You closely miss the frilled lizard. You block the goblin's attack.
The frilled lizard barely misses you. The rat bites you but does no damage.
You closely miss the frilled lizard. The goblin barely misses you.
You block the frilled lizard's attack. The rat completely misses you.
You scratch the frilled lizard but do no damage.
You block the goblin's attack.
The frilled lizard bites you but does no damage.
The rat barely misses you.
You scratch the frilled lizard.
You kill the frilled lizard!
You block the goblin's attack. The rat bites you but does no damage.
Your shield and scale mail prevent you from hitting the kobold.
The goblin hits you but does no damage.
You are electrocuted!
Ouch! That really hurt!
* * * LOW HITPOINT WARNING * * *
The kobold hits you with a short sword.
* * * LOW HITPOINT WARNING * * *
You block the rat's attack. The goblin hits you but does no damage.
You are too injured to fight recklessly!
You are too injured to fight recklessly!
You are too injured to fight recklessly!
You are too injured to fight recklessly!
The kobold throws a stone.
The stone barely misses you.
You see here a stone.
Your shield prevents you from hitting the rat.
The rat barely misses you.
You closely miss the rat. The rat bites you but does no damage.
You completely miss the rat. The rat bites you.
* * * LOW HITPOINT WARNING * * *
You scratch the rat.
You kill the rat!
You scratch the goblin.
You kill the goblin!
The kobold throws a stone.
The stone hits you.
You die...

######### ##.......##
######....<....######
##...................##
#...⌠....##'##....⌠...#
#........#...#........#
#........#8.8#........#
###########'###########.
........lK.)@.......
.....##.#######.....
...=..†........ ...
..............$ .
...?...........
.....###....... #...#
....... #### #######


You could see a kobold and a frilled lizard.

Vanquished Creatures
  A frilled lizard (D:1)
  A goblin (D:1)
  A rat (D:1)
3 creatures vanquished.

Notes
Turn   | Place    | Note
-------+----------+-------------------------------------------
     0 | D:1      | Mgcat the Ghoul Fighter began the quest for the Orb.
     0 | D:1      | Reached XP level 1. HP: 19/19 MP: 0/0
    49 | D:1      | HP: 3/19 [goblin/dagger of electrocution (16)]
    57 | D:1      | HP: 1/19 [rat (1)]
    59 | D:1      | Hit by a stone thrown by a kobold

Vault maps used:
D:1:      giann_wishing_wells

Action                   || total
-------------------------++-------
Melee: Unarmed           ||    14
Armor: Scale mail        ||     9
Dodge: Dodged            ||     9
Block: Shield            ||     8

Table legend:
 A = Spawn XP
 B = Non-spawn XP
 C = Spawn XP percentage of total XP
 D = Spawn monster count
 E = Non-spawn monster count
 F = Spawn count percentage of total count
 G = Total turns spent on level
                    A         B        C        D         E        F      G
               +---------+---------+-------+---------+---------+-------+---------
         Total |       0 |       3 |   0.0 |       0 |       3 |   0.0 |    59
               +---------+---------+-------+---------+---------+-------+---------
           D:1 |       0 |       3 |   0.0 |       0 |       3 |   0.0 |    59
               +---------+---------+-------+---------+---------+-------+---------

Vault maps used:
D:1:      giann_wishing_wells

Table legend:
 A = Turns spent in this place as a percentage of turns spent in the entire game.
 B = Non-inter-level travel turns spent in this place as a percentage of non-inter-level travel turns spent in the entire game.
 C = Inter-level travel turns spent in this place as a percentage of turns spent in this place.
 D = Turns resting spent in this place as a percentage of non-inter-level travel turns spent in this place.
 E = Turns spent auto-exploring this place as a percentage of non-inter-level travel turns spent in this place.
 F = Non-inter-level travel turns spent in this place divided by the number of levels of this place that you've seen.
                   A       B       C       D       E      F
               +-------+-------+-------+-------+-------+----------------------
         Total | 100.0 | 100.0 |   0.0 |   0.0 |  64.4 |  59.0
       Dungeon | 100.0 | 100.0 |   0.0 |   0.0 |  64.4 |  59.0
               +-------+-------+-------+-------+-------+----------------------

Table legend:
 A = Kills in this place as a percentage of kills in entire the game.
 B = Kills by you in this place as a percentage of kills by you in the entire game.
 C = Kills by friends in this place as a percentage of kills by friends in the entire game.
 D = Other kills in this place as a percentage of other kills in the entire game.
 E = Experience gained in this place as a percentage of experience gained in the entire game.
 F = Experience gained in this place divided by the number of levels of this place that you have seen.
                   A       B       C       D       E      F
               +-------+-------+-------+-------+-------+----------------------
         Total | 100.0 | 100.0 |   N/A |   N/A | 100.0 |   3.0
       Dungeon | 100.0 | 100.0 |   N/A |   N/A | 100.0 |   3.0
               +-------+-------+-------+-------+-------+----------------------
